 Dungeon Crawl Stone Soup version 0.18-a0-1745-gffa9a88 (webtiles) character file.

1443 dobroeutro the Ducker (level 8, -6/64 HPs)
             Began as a Demonspawn Monk on Apr 11, 2016.
             Was an Elder of Makhleb.
             Killed from afar by a manticore (14 damage)
             ... with a volley of spikes
             ... on level 6 of the Dungeon.
             The game lasted 00:20:23 (3896 turns).

dobroeutro the Ducker (Demonspawn Monk)             Turns: 3896, Time: 00:20:25

Health: -6/64      AC:  4    Str: 14    XL:     8   Next: 46%
Magic:  8/8        EV: 17    Int: 13    God:    Makhleb [****..]
Gold:   292        SH:  0    Dex: 16    Spells: 0 memorised, 7 levels left

rFire  . . .     SeeInvis .     v - +3 dagger "Punaq" {pierce, +Fly rC- Int+2} (curse)
rCold  x . .     Gourm    .     a - +0 robe
rNeg   . . .     Faith    .     (no shield)
rPois  .         Spirit   .     e - +1 helmet
rElec  .         Dismiss  .     (no cloak)
rCorr  .         Reflect  .     (no gloves)
SustAt .         Harm     .     (no boots)
MR     +....                    j - amulet of regeneration
Stlth  ++........               (no ring)
                                m - ring of protection from magic (curse)

@: manticore barbs, very slightly contaminated, hasted, very quick, somewhat
resistant to hostile enchantments, unstealthy
A: claws 1, demonic guardian 1, powered by pain 1, sturdy frame 2
a: Minor Destruction, Lesser Servant of Makhleb, Major Destruction, Renounce
Religion, Evoke Flight


You were on level 6 of the Dungeon.
You worshipped Makhleb.
Makhleb was greatly pleased with you.
You were not hungry.

You visited 2 branches of the dungeon, and saw 7 of its levels.

You collected 292 gold pieces.

Inventory:

Hand Weapons
 c - a +2 dagger of venom
 v - the cursed +3 dagger "Punaq" (weapon) {pierce, +Fly rC- Int+2}
   (You found it on level 5 of the Dungeon)

   It inflicts extra damage upon your enemies.
   It affects your intelligence (+2).
   It makes you vulnerable to cold.
   It lets you fly.
   It has a curse placed upon it.
Missiles
 z - 5 poisoned javelins (quivered)
Armour
 a - a +0 robe (worn)
 e - a +1 helmet (worn)
Jewellery
 j - an amulet of regeneration (around neck)
 m - a cursed ring of protection from magic (left claw)
Wands
 q - a wand of confusion (26/48)
 s - a wand of lightning (9/15)
 t - a wand of slowing (23/48)
 y - a wand of random effects (29/48)
 C - a wand of paralysis (12/24)
Scrolls
 g - a scroll of fear {unknown}
 h - 5 scrolls of identify {unknown}
 i - 2 scrolls of remove curse {unknown}
 k - a scroll of random uselessness {unknown}
 o - 2 scrolls of enchant armour {unknown}
Potions
 f - 2 potions of invisibility
 l - a potion of degeneration {unknown}
 n - a potion of cancellation
 p - a potion of agility {unknown}
 u - a potion of magic {unknown}
 w - a potion of heal wounds {unknown}
 B - a potion of haste
 D - a potion of curing
Comestibles
 b - 4 bread rations
 d - a beef jerky
 r - a meat ration
 x - a slice of pizza
 A - 4 chunks of flesh


   Skills:
 + Level 5.7 Fighting
 + Level 3.5 Short Blades
 + Level 7.8 Dodging
 - Level 1.7 Stealth
 + Level 4.2 Unarmed Combat


You had 7 spell levels left.
You didn't know any spells.

Dungeon Overview and Level Annotations

Branches:
Dungeon (6/15)             Temple (1/1) D:4

Altars:
Ashenzari
Cheibriados
Dithmenos
Elyvilon
Fedhas
Gozag
Kikubaaqudgha
Makhleb
Nemelex Xobeh
Okawaru
Qazlal
Ru
Sif Muna
Trog
Vehumet
Xom
Yredelemnul
Zin
The Shining One

Shops:
D:5 !


Innate Abilities, Weirdness & Mutations

You have sharp fingernails.
A weak demonic guardian rushes to your aid.
You sometimes gain a little power by taking damage.
Your movements are less encumbered by armour (ER -4).


Message History

Your quasit bites the manticore but does no damage.
Your quasit claws the manticore but does no damage.
Your quasit barely misses the manticore.
Your white imp hits the manticore but does no damage.
You are very lightly contaminated with residual magic.
Drink which item? (? for menu, Esc to quit)
It was a potion of curing.
You feel better.
Your quasit bites the manticore but does no damage.
Your quasit claws the manticore but does no damage. x2
The manticore completely misses you. The manticore claws you.
* * * LOW HITPOINT WARNING * * *
The manticore barely misses you.
Your white imp hits the manticore.
Your white imp freezes the manticore.
Your quasit bites the manticore.
Your quasit closely misses the manticore.
Your quasit barely misses the manticore.
The manticore flicks its tail.
The volley of spikes hits you!
The barbed spikes become lodged in your body.
You die...

.#.#......# #.#####.#...>.....#
.....####.#####.##.##.#.##.####.#
...### #..................# #.#
....################....#### #..
...##.......###...##..>.....# #.#
.........##.##.....########.###..
.#.##.##.##.##..H5.# .......
.#..........<#.5...# ##..#
.####<##.##.###.@.## ##..
........>.#.####'######## ##..
...................##...##.. #..#
..................5#.....#..##...
########.###....8..'....[#.......
# #.# #.......#....(#.##...# # #
#.......##...##.##....
#†###'#########.##.#.. #.##...##
#.#.##.#.#


You could see a manticore, a friendly quasit, a friendly crimson imp and a
friendly white imp.

Vanquished Creatures
  Grinder (D:6)
  4 phantoms
  An ogre (D:5)
  A centaur (D:6)
  A crimson imp (D:6)
  An orc priest (D:3)
  2 hounds
  An orc wizard (D:3)
  A giant frog skeleton (D:5)
  An iguana (D:2)
  Natasha (twice) (D:4)
  2 worker ants
  A hound skeleton (D:5)
  A howler monkey zombie (D:6)
  5 gnolls
  6 adders
  3 river rats (D:4)
  A shadow imp (D:5)
  3 worms
  4 dart slugs
  5 giant geckos
  7 orcs
  5 giant cockroaches
  5 goblins
  9 hobgoblins
  5 jackals
  2 ball pythons (D:4)
  5 bats
  6 giant newts
  A jackal zombie (D:6)
  10 kobolds
  10 rats
112 creatures vanquished.

Vanquished Creatures (collateral kills)
  The ghost of Shenda the Stinger, an amateur TeVM of Sif Muna (D:4)
  A centaur (D:5)
  A giant frog (D:6)
  A gnoll shaman (D:5)
  A centaur zombie (D:6)
  2 hounds
  An orc priest (D:3)
  Natasha (D:4)
  3 gnolls
  A worm (D:3)
  2 dart slugs (D:3)
  5 orcs (D:3)
  A ball python (D:3)
  A hobgoblin (D:2)
  2 jackals (D:4)
  A kobold (D:3)
25 creatures vanquished.

Grand Total: 137 creatures vanquished

Notes
Turn   | Place    | Note
--------------------------------------------------------------
     0 | D:1      | dobroeutro the Demonspawn Monk began the quest for the Orb.
     0 | D:1      | Reached XP level 1. HP: 18/18 MP: 1/1
   114 | D:1      | Gained mutation: A weak demonic guardian rushes to your aid. [demonic ancestry]
   114 | D:1      | Reached XP level 2. HP: 13/24 MP: 2/2
   382 | D:1      | Gained mutation: You sometimes gain a little power by taking damage. [demonic ancestry]
   382 | D:1      | Reached XP level 3. HP: 27/29 MP: 3/3
   386 | D:1      | Reached skill level 3 in Dodging
   601 | D:2      | You fall through a shaft for 2 floors!
   623 | D:4      | Found a staircase to the Ecumenical Temple.
   629 | Temple   | Entered the Ecumenical Temple
   736 | Temple   | Became a worshipper of Makhleb the Destroyer
   736 | Temple   | Reached * piety under Makhleb
   736 | Temple   | Reached ** piety under Makhleb
   785 | D:4      | Noticed Shenda's ghost (amateur TeVM)
   832 | D:3      | Reached skill level 1 in Short Blades
   832 | D:3      | Gained mutation: Your movements are slightly less encumbered by armour (ER -2). [demonic ancestry]
   832 | D:3      | Reached XP level 4. HP: 17/35 MP: 4/4
   880 | D:2      | HP: 1/36 [hound (2)]
   885 | D:2      | HP: 1/36 [hound (3)]
  1436 | D:3      | Gained mutation: Your movements are less encumbered by armour (ER -4). [demonic ancestry]
  1436 | D:3      | Reached XP level 5. HP: 38/42 MP: 5/5
  1486 | D:3      | Reached *** piety under Makhleb
  1636 | D:3      | Reached skill level 4 in Dodging
  1904 | D:4      | Noticed Natasha
  1915 | D:4      | Killed Natasha
  1915 | D:4      | Reached XP level 6. HP: 27/48 MP: 6/6
  2063 | D:4      | Found a sacrificial altar of Ru.
  2137 | D:4      | Reached **** piety under Makhleb
  2310 | D:4      | Killed Shenda's ghost
  2540 | D:4      | Noticed Natasha
  2561 | D:4      | Killed Natasha
  2561 | D:4      | Reached skill level 5 in Dodging
  2783 | D:4      | Noticed Natasha
  2788 | D:4      | Killed Natasha
  2867 | D:5      | Entered Level 5 of the Dungeon
  2965 | D:5      | Reached XP level 7. HP: 12/55 MP: 7/7
  3146 | D:5      | Reached skill level 6 in Dodging
  3166 | D:5      | Reached skill level 5 in Fighting
  3296 | D:5      | Found Hiux's Distillery.
  3362 | D:5      | Found a bloodstained altar of Trog.
  3602 | D:5      | Got a jewelled dagger
  3603 | D:5      | Identified the cursed +3 dagger "Punaq" {pierce, +Fly rC- Int+2} (You found it on level 5 of the Dungeon)
  3690 | D:6      | Gained mutation: You have sharp fingernails. [demonic ancestry]
  3690 | D:6      | Reached XP level 8. HP: 62/62 MP: 8/8
  3704 | D:6      | Reached skill level 7 in Dodging
  3822 | D:6      | Noticed Grinder
  3846 | D:6      | Killed Grinder
  3886 | D:6      | Noticed a manticore
  3896 | D:6      | Killed from afar by a manticore

Vault maps used:
D:1:      roderic_dead_forest
D:3:      first_bread
D:4:      minmay_temple_entry_mist, portal_sewer_entry_e, hangedman_ru_absence,
          uniq_natasha
D:5:      lemuel_crystal_altar, serial_shops, shop
D:6:      minmay_misc_feat_diagonals, glass_columns_a, kennysheep_nub,
          minmay_three_doors, uniq_grinder
Temple:   kilobyte_greek_temple_18

Skill      XL: |  1  2  3  4  5  6  7  8 |
---------------+-------------------------+-----
Dodging        | 3 4 5 6 7 |  7.8
Unarmed Combat | 4 |  4.2
Short Blades   | 1 2 3 |  3.5
Fighting       | 4 5 |  5.7
Stealth        | |  1.7

Action                   |  1- 3 |  4- 6 |  7- 9 || total
-------------------------+-------+-------+-------++-------
Melee: Dagger            |    86 |   216 |   222 ||   524
  Use: Potion            |       |     4 |     2 ||     6
 Stab: Sleeping          |     3 |     1 |     3 ||     7
       Distracted        |       |       |     1 ||     1
  Eat: Chunk             |       |     6 |     4 ||    10
